 Dungeon Crawl Stone Soup version 0.30-a0-459-g9104f0fc43 (webtiles) character file.

Game seed: 12706014995962439662

7039 ragingrage the Zephyrmancer (level 11, -2/81 HPs)
             Began as a Human Wanderer on Dec 15, 2022.
             Was a Follower of Vehumet.
             Slain by a gnoll
             ... wielding a +0 halberd
             ... led by a gnoll sergeant
              (12 damage)
             ... on level 10 of the Dungeon.
             The game lasted 00:25:00 (14087 turns).

ragingrage the Zephyrmancer (Human Wanderer)       Turns: 14087, Time: 00:25:00

Health: -2/81      AC: 12    Str: 14    XL:     11   Next: 29%
Magic:  16/16      EV: 12    Int: 15    God:    Vehumet [*.....]
Gold:   3          SH:  0    Dex: 13    Spells: 11/20 levels left

rFire   + . .      SeeInvis +    b - staff of conjuration
rCold   + . .      Faith    .    (no shield)
rNeg    . . .      Spirit   .    P - +3 ring mail {rC+}
rPois   +          Reflect  .    I - +1 helmet {SInv}
rElec   .          Harm     .    e - +0 cloak {rPois}
rCorr   .          Rampage  .    (no gloves)
Will    .....                    (no boots)
Stlth   +.........               A - amulet of magic regeneration
HPRegen 0.33/turn                C - ring of protection from fire
MPRegen 0.55/turn                (no ring)

@: brilliant
A: low MP 1
a: Renounce Religion


You were on level 10 of the Dungeon.
You worshipped Vehumet.
Vehumet was aware of your devotion.
You visited 2 branches of the dungeon, and saw 11 of its levels.

You collected 389 gold pieces.
You spent 386 gold pieces at shops.

Inventory:

Hand Weapons
 a - a +0 dagger
 K - a +2 dagger of venom
 Q - a +5 dagger of freezing
Missiles
 q - 28 poisoned darts
Armour
 e - a +0 cloak of poison resistance (worn)
 l - the +0 robe "Faalomon" {Fly rPois Str-4 Slay+4}
   (You found it on level 2 of the Dungeon)

   Str:       It affects your strength (-4).
   Slay:      It affects your accuracy & damage with ranged weapons and melee
   (+4).
   rPois:     It protects you from poison.
   Fly:       It grants you flight.
 x - a +2 robe of willpower
 I - a +1 helmet of see invisible (worn)
 P - a +3 ring mail of cold resistance (worn)
 R - +0 acid dragon scales
Magical Staves
 b - a staff of conjuration (weapon)
 p - a staff of fire
Jewellery
 A - an amulet of magic regeneration (around neck)
 C - a ring of protection from fire (left hand)
 F - a +4 ring of evasion
Wands
 c - a wand of flame (17)
 j - a wand of iceblast (14)
 t - a wand of quicksilver (17)
 w - a wand of polymorph (10)
Scrolls
 d - 2 scrolls of butterflies
 f - 5 scrolls of magic mapping
 k - a scroll of noise {unknown}
 n - a scroll of poison {unknown}
 o - a scroll of vulnerability {unknown}
 u - 2 scrolls of amnesia
 v - a scroll of fear {unknown}
 y - 3 scrolls of enchant weapon
 B - a scroll of acquirement {unknown}
 E - a scroll of immolation {unknown}
 G - a scroll of enchant armour
 H - a scroll of teleportation {unknown}
 M - a scroll of blinking {unknown}
Potions
 g - a potion of curing
 i - 3 potions of brilliance
 m - a potion of flight {unknown}
 s - a potion of magic {unknown}
 z - a potion of attraction {unknown}
 D - a potion of heal wounds {unknown}
 J - a potion of lignification {unknown}
 L - a potion of invisibility {unknown}
 N - a potion of mutation
 O - a potion of berserk rage {unknown}


   Skills:
 + Level 5.8 Fighting
 - Level 2.0 Throwing
 + Level 4.2 Armour
 + Level 5.8 Dodging
 - Level 2.0 Stealth
 - Level 5.0 Spellcasting
 - Level 5.0 Conjurations
 - Level 6.0 Summonings
 + Level 9.3 Air Magic
 - Level 2.0 Poison Magic
 + Level 4.3 Evocations


You had 11 spell levels left.
You knew the following spells:

 Your Spells              Type           Power      Damage    Failure   Level
a - Shock                 Conj/Air       100%       1d9       1%          1
b - Mephitic Cloud        Conj/Pois/Air  45%        N/A       10%         3
c - Summon Lightning Spi  Summ/Air       40%        N/A       13%         4
d - Freeze                Ice            20%        1d4       30%         1

Your spell library contained the following spells:

 Spells                   Type           Power      Damage    Failure   Level
 Apportation              Tloc           10%        N/A       30%         1
 Necrotise                Necr           20%        1d5       30%         1
 Lightning Bolt           Conj/Air       27%        1d43      41%         5
 Vampiric Draining        Necr           5%         2d6       67%         3
 Fulminant Prism          Conj/Hex       12%        3d9       73%         4
 Conjure Ball Lightning   Conj/Air       27%        3x3d8     94%         6
 Irradiate                Conj/Tmut      12%        3d15      97%         5
 Alistair's Intoxication  Tmut/Pois      6%         N/A       99%         5
 Agony                    Necr           5%         N/A       100%        5
 Blade Hands              Tmut           2%         N/A       100%        5
 Dragon Form              Tmut           2%         N/A       100%        7


Dungeon Overview and Level Annotations

Branches:
Dungeon (10/15)            Temple (1/1) D:5             Orc (0/2) D:9
   Lair: D:8-11

Altars:
Ashenzari
Cheibriados
Dithmenos
Elyvilon
Fedhas
Gozag
Hepliaklqana
Kikubaaqudgha
Makhleb
Nemelex Xobeh
Okawaru
Qazlal
Ru
Sif Muna
Trog
Uskayaw
Vehumet
Wu Jian
Xom
Yredelemnul
Zin
The Shining One

Shops:
D:3 [   D:9 *

Annotations:
D:2 1 runed translucent door, Crazy Yiuf
D:5 exclusion: downstairs
D:6 exclusion: downstairs
D:10 1 transporter


Innate Abilities, Weirdness & Mutations

Your magical capacity is low. (-10% MP)


Message History

The polar bear claws itself but does no damage.
The polar bear barely misses itself.
The gnoll barely misses you. x2
You feel better.
The gnoll hits you from afar with a +0 spear!
* * * LOW HITPOINT WARNING * * *
The gnoll closely misses you.
You feel better.
A wolf comes into view.
The polar bear barely misses you. x3; The gnoll misses you.
The gnoll barely misses you.
As you read the scroll of identify, it crumbles to dust.
y - 3 scrolls of enchant weapon The polar bear bites you!
* * * LOW HITPOINT WARNING * * *
The polar bear closely misses you. The polar bear misses you.
The gnoll barely misses you.
The gnoll hits you from afar with a +0 spear.
* * * LOW HITPOINT WARNING * * *
As you read the scroll labelled UPIMUH QASUKHLE, it crumbles to dust.
Your body is wracked with pain!
* * * LOW HITPOINT WARNING * * *
The polar bear convulses!
The gnoll convulses! x2; The wolf convulses!
The wolf howls!
It was a scroll of torment.
The wolf stops to sniff the ground.
The gnoll misses you. The gnoll barely misses you.
It was a potion of brilliance.
You feel clever all of a sudden.
The wolf pauses to sniff the ground.
The polar bear bites you but does no damage.
The polar bear claws you but does no damage. x2
The polar bear bites itself but does no damage.
The polar bear barely misses itself.
The polar bear claws itself.
The gnoll completely misses you.
The gnoll hits you from afar with a +0 spear.
* * * LOW HITPOINT WARNING * * *
It was a potion of mutation.
You feel extremely strange.
You feel less energetic. The gnoll hits you with a +0 halberd!
You die...

# #. ####
##.# ...
.#©..## ..#
...©...##..#
#gh.).#
##g#..# #@#
.... #h#
.... #<# ...
#.# .. #.# .
#.# ... ###


You could see a polar bear (confused), a wolf and 2 gnolls.

Vanquished Creatures
  A two-headed ogre (D:8)
  Pikel (D:7)
  2 nameless horrors
  Prince Ribbit (D:6)
  Sigmund (D:4)
  A wyvern (D:8)
  4 yaks (D:8)
  2 humans (D:7)
  A steam dragon (D:6)
  Menkaure (D:7)
  2 water moccasins
  An orc warrior (D:9)
  A black bear (D:6)
  4 ice beasts
  2 ogres (D:5)
  A lemure (D:7)
  4 centaurs
  2 wolves
  2 bullfrogs (D:7)
  2 necrophages
  2 scorpions
  A wight (D:9)
  4 killer bees (D:9)
  2 howler monkeys
  A jelly (D:9)
  3 orc priests
  2 gnoll boudas
  3 hounds
  4 iguanas
  4 orc wizards
  14 adders
  13 gnolls
  3 shadow imps
  3 white imps
  An ufetubus (D:4)
  2 worms
  2 dart slugs (D:1)
  22 orcs
  13 ball pythons
  3 bats
  5 endoplasms
  10 giant cockroaches
  7 goblins
  3 hobgoblins (D:1)
  2 jackals (D:1)
  4 quokkas
  6 frilled lizards
  4 kobolds
  5 rats
184 creatures vanquished.

Vanquished Creatures (collateral kills)
  A shadow (D:8)
  Grum (D:9)
  Duvessa (D:7)
  2 orc warriors
  3 wolves (D:9)
  A kobold brigand (D:9)
  4 wights (D:9)
  Dowan (D:7)
  5 killer bees (D:9)
  An orc priest (D:8)
  A gnoll bouda (D:9)
  A gnoll (D:9)
  An orc (D:9)
  A kobold (D:9)
24 creatures vanquished.

Grand Total: 208 creatures vanquished

Notes
Turn   | Place    | Note
-------+----------+-------------------------------------------
     0 | D:1      | ragingrage the Human Wanderer began the quest for the Orb.
     0 | D:1      | ragingrage set off with the following items: a +0 dagger, 8
                  | poisoned darts, a wand of flame (15), a scroll of
                  | butterflies, a +0 leather armour; and the following spell
                  | memorised: Shock; and the following spells available to
                  | memorise: Mephitic Cloud.
     0 | D:1      | Reached XP level 1. HP: 13/13 MP: 2/2
   161 | D:1      | Reached skill level 2 in Air Magic
   161 | D:1      | Reached XP level 2. HP: 15/19 MP: 1/3
   387 | D:1      | Found a faded altar of an unknown god.
   800 | D:1      | Reached XP level 3. HP: 24/24 MP: 2/4
  1028 | D:1      | Reached skill level 3 in Air Magic
  1800 | D:2      | Identified the +0 robe "Faalomon" {Fly rPois Str-4 Slay+4}
  1850 | D:2      | Reached XP level 4. HP: 16/30 MP: 1/5
  2168 | D:2      | Learned a level 3 spell: Mephitic Cloud
  2802 | D:2      | Found a runed translucent door.
  2803 | D:2      | Noticed Crazy Yiuf
  3317 | D:3      | Reached skill level 4 in Air Magic
  3374 | D:3      | Reached XP level 5. HP: 35/35 MP: 1/6
  3480 | D:3      | Reached skill level 1 in Conjurations
  3529 | D:3      | Found Fecomus's Armour Shop.
  3618 | D:3      | Reached skill level 1 in Poison Magic
  3971 | D:3      | Found a glowing golden altar of the Shining One.
  3998 | D:3      | Found a glowing silver altar of Zin.
  4270 | D:4      | Found a shadowy altar of Dithmenos.
  4284 | D:4      | Reached XP level 6. HP: 25/41 MP: 1/7
  4620 | D:3      | Bought a +0 cloak of poison resistance for 85 gold pieces
  4765 | D:4      | Noticed Sigmund
  5055 | D:4      | Reached skill level 5 in Air Magic
  5236 | D:4      | Reached XP level 7. HP: 40/46 MP: 2/8
  5266 | D:5      | Entered Level 5 of the Dungeon
  5893 | D:5      | Reached skill level 6 in Air Magic
  6314 | D:5      | Reached XP level 8. HP: 51/52 MP: 1/9
  6429 | D:5      | Found a staircase to the Ecumenical Temple.
  6498 | Temple   | Entered the Ecumenical Temple
  7019 | D:5      | Got Sif Muna's Exposition on Hexes and Clouds
  7041 | D:5      | Found a radiant altar of Vehumet.
  7050 | D:5      | Learned a level 4 spell: Summon Lightning Spire
  7077 | D:5      | Became a worshipper of Vehumet
  7426 | D:6      | Reached skill level 7 in Air Magic
  7978 | D:6      | Reached skill level 5 in Conjurations
  7981 | D:6      | Reached skill level 1 in Summonings
  8240 | D:5      | Reached XP level 9. HP: 30/57 MP: 5/13
  8659 | D:6      | Reached skill level 5 in Summonings
  8798 | D:6      | Found a sacrificial altar of Ru.
  8798 | D:6      | Found a white marble altar of Elyvilon.
  8799 | D:6      | Found a shimmering blue altar of Sif Muna.
  8799 | D:6      | Noticed Prince Ribbit
  8801 | D:6      | Killed Prince Ribbit
  8802 | D:6      | Reached skill level 1 in Fighting
  8802 | D:6      | Reached skill level 1 in Armour
  8802 | D:6      | Reached skill level 1 in Dodging
  9279 | D:7      | Noticed Dowan
  9883 | D:7      | Found an iron altar of Okawaru.
 10061 | D:7      | Noticed Duvessa
 10071 | D:7      | Killed Duvessa
 10075 | D:7      | Killed Dowan
 10440 | D:7      | Noticed Menkaure
 10443 | D:7      | Killed Menkaure
 10482 | D:7      | Noticed Pikel
 10564 | D:7      | Killed Pikel
 10565 | D:7      | Reached skill level 8 in Air Magic
 10565 | D:7      | Reached XP level 10. HP: 70/70 MP: 5/15
 11837 | D:8      | Noticed a two-headed ogre
 11845 | D:8      | Killed a two-headed ogre
 12248 | D:3      | Bought a +3 ring mail of cold resistance for 260 gold
                  | pieces
 12350 | D:4      | Noticed a nameless horror
 12378 | D:4      | Killed Sigmund
 12379 | D:4      | Reached skill level 5 in Fighting
 12379 | D:4      | Reached skill level 5 in Dodging
 12381 | D:4      | Killed a nameless horror
 12952 | D:9      | Found a staircase to the Orcish Mines.
 12990 | D:9      | Reached * piety under Vehumet
 12990 | D:9      | Offered knowledge of Freeze by Vehumet.
 12997 | D:9      | Reached XP level 11. HP: 79/79 MP: 9/18
 13101 | D:9      | Learned a level 1 spell: Freeze
 13420 | D:9      | Reached skill level 9 in Air Magic
 13425 | D:9      | Reached skill level 5 in Spellcasting
 13469 | D:9      | Found Azxaumotu's Assorted Antiques.
 13477 | D:9      | Bought 2 smoky purple potions for 41 gold pieces
 13551 | D:9      | Noticed Grum
 13556 | D:9      | Killed Grum
 13645 | D:9      | Noticed Maggie
 13646 | D:9      | Maggie changed into Maggie the jelly
 13646 | D:9      | Noticed Maggie
 13652 | D:9      | Killed Maggie the jelly
 14005 | D:10     | Entered Level 10 of the Dungeon
 14013 | D:10     | Found a transporter.
 14087 | D:10     | Gained mutation: Your magical capacity is low. (-10% MP)
                  | [potion of mutation]
 14087 | D:10     | Slain by a gnoll

Illustrated notes

Levels and vault maps discovered:
D:1:      dpeg_arrival_round_a, layout_basic,
          shapermc_ecumenical_altar_mp_vishouse
D:2:      minmay_roachtagon, layout_loops_corners, serial_rivers,
          chequers_serial_rivers_micro_d, chequers_serial_rivers_large_b,
          chequers_serial_rivers_marsh, chequers_serial_rivers_micro_b,
          chequers_serial_rivers_micro_d, chequers_serial_rivers_micro_a,
          uniq_crazy_yiuf_cottage
D:3:      layout_basic, mainiacjoe_overflow_swirl, serial_shops,
          nicolae_diamond_shop, minmay_unequal
D:4:      nicolae_cairo_tiling_large_dashed, layout_loops_ring,
          grunt_dithmenos_smoke_and_mirrors, kennysheep_generic_room_11,
          uniq_sigmund
D:5:      layout_basic, overflow_temple_1_default,
          minmay_temple_entry_mini_moons
D:6:      layout_cave_pools, gammafunk_temple_overflow_claw, uniq_prince_ribbit1
D:7:      layout_basic, okawaru_humans, uniq_pikel, uniq_duvessa, uniq_menkaure
D:8:      layout_basic
D:9:      layout_gridville, orc_0_dummy, serial_shops, nicolae_diamond_shop,
          uniq_grum, uniq_maggie
D:10:     layout_loops_ring, hellmonk_lair_entry_icy, serial_nicolae_subway,
          nicolae_sub_station_metal, nicolae_sub_station_crystal,
          nicolae_sub_station_stone
Temple:   zaba_magenta_temple

Skill      XL: |  1  2  3  4  5  6  7  8  9 10 11 |
---------------+----------------------------------+-----
Air Magic      | 2 3 4 5 6 7 8 9 |  9.3
Conjurations   | 1 3 4 5 |  5.0
Poison Magic   | 1 2 |  2.0
Spellcasting   | 3 4 5 |  5.0
Summonings     | 4 5 6 |  6.0
Fighting       | 3 5 |  5.8
Armour         | 3 4 |  4.2
Dodging        | 3 5 |  5.8
Throwing       | |  2.0
Stealth        | |  2.0
Evocations     | |  4.3

Action                   |  1- 3 |  4- 6 |  7- 9 | 10-12 || total
-------------------------+-------+-------+-------+-------++-------
Melee: Dagger            |    49 |    27 |       |       ||    76
       Staff             |       |     6 |    30 |     4 ||    40
       Punch             |       |       |     2 |       ||     2
Throw: Dart              |     1 |       |       |       ||     1
 Cast: Shock             |    49 |   118 |   220 |   189 ||   576
       Mephitic Cloud    |       |       |    10 |    14 ||    24
       Summon Lightning  |       |       |     1 |    14 ||    15
Evoke: Wand              |       |     4 |     3 |     4 ||    11
  Use: Scroll            |       |       |     5 |     2 ||     7
       Potion            |       |       |       |     7 ||     7
 Stab: Sleeping          |       |     2 |       |       ||     2
       Confused          |       |       |     1 |       ||     1
Armor: Leather armour    |    14 |       |       |       ||    14
       Robe              |     2 |     5 |    26 |       ||    33
       Steam dragon scal |       |       |    10 |    13 ||    23
       Ring mail         |       |       |       |    45 ||    45
Dodge: Dodged            |    32 |    38 |    71 |    80 ||   221
Block: Other             |       |     3 |    28 |       ||    31
       Reflection        |       |     1 |     1 |       ||     2

Table legend: (Time is in decaauts)
 A = Elapsed time spent in this place.
 B = Non-inter-level travel time spent in this place.
 C = Inter-level travel time spent in this place.
 D = Time resting spent in this place.
 E = Time spent auto-exploring this place.
 F = Levels seen in this place.
 G = Mean time per level.
                   A        B        C        D        E       F      G
               +--------+--------+--------+--------+--------+-----+--------+
         Total |  14111 |  13221 |    890 |   4327 |   6857 |  11 | 1282.8 |
       Dungeon |  14033 |  13143 |    890 |   4327 |   6807 |  10 | 1403.3 |
        Temple |     77 |     77 |      0 |      0 |     50 |   1 |   77.0 |
               +--------+--------+--------+--------+--------+-----+--------+

Top non-repeatable levels by time:
     D:5: 2077 daAuts
     D:7: 1879 daAuts
     D:4: 1827 daAuts
     D:2: 1761 daAuts
     D:1: 1551 daAuts
     D:6: 1536 daAuts
     D:9: 1222 daAuts
     D:8: 1142 daAuts
     D:3: 953 daAuts
    D:10: 81 daAuts
  Temple: 77 daAuts
